 Dungeon Crawl Stone Soup version 0.26-a0-712-ga5a9c9c9d0 (webtiles) character file.

Game seed: 846845441586425606

548 kae the Insei (level 7, -4/40 HPs)
             Began as an Octopode Transmuter on Nov 10, 2020.
             Was a Follower of Hepliaklqana.
             Slain by a centaur (7 damage)
             ... on level 5 of the Dungeon.
             The game lasted 00:03:15 (5530 turns).

kae the Insei (Octopode Transmuter)                 Turns: 5530, Time: 00:03:16

Health: -4/40      AC:  1    Str: 11    XL:     7   Next: 28%
Magic:  0/11       EV: 14    Int: 16    God:    Hepliaklqana [*.....]
Gold:   328        SH:  0    Dex: 12    Spells: 8/12 levels left

rFire    . . .     SeeInvis .     - Unarmed
rCold    + . .     Faith    .   (no shield)
rNeg     . . .     Spirit   +   (helmet currently unavailable)
rPois    +         Reflect  .   c - amulet of guardian spirit
rElec    .         Harm     .   a - ring of poison resistance
rCorr    .         Rampage  .   g - ring of protection from cold
MR       .....                  (no ring)
Stlth    ++........             (no ring)
HPRegen  0.13/turn              (no ring)
MPRegen  0.12/turn              (no ring)
                                (no ring)
                                (no ring)

@: brilliant, appendages (expiring), very slightly contaminated, hasted, very
quick
A: almost no armour, stealthy swim, amphibious, 8 rings, constrict 8, reduced
essence, tentacle spike 3, camouflage 1, gelatinous body 1
a: End Transformation, Recall Ancestor, Ancestor Identity, Renounce Religion


You were on level 5 of the Dungeon.
You worshipped Hepliaklqana.
Hepliaklqana was aware of your devotion.
One of your tentacles had a temporary spike.
You visited 2 branches of the dungeon, and saw 6 of its levels.

You collected 328 gold pieces.

Inventory:

Jewellery
 a - a ring of poison resistance (left tentacle)
 c - an amulet of guardian spirit (around mantle)
 g - a ring of protection from cold (right tentacle)
 n - an uncursed amulet of regeneration
 o - a +4 ring of protection {unknown}
 q - an uncursed ring of resist corrosion
Scrolls
 d - a scroll of fog
 e - 2 scrolls of fear
 l - a scroll of teleportation {unknown}
 m - 2 scrolls of remove curse
 p - a scroll of blinking {unknown}
Potions
 h - 3 potions of stabbing {unknown}
 i - a potion of might {unknown}
 j - 3 potions of curing {unknown}
 k - a potion of magic {unknown}


   Skills:
 + Level 2.9 Fighting
 + Level 3.3 Dodging
 * Level 5.1 Unarmed Combat
 - Level 3.0 Spellcasting
 * Level 4.4 Transmutations


You had 8 spell levels left.
You knew the following spells:

 Your Spells              Type           Power        Failure   Level
a - Beastly Appendage     Tmut           ###...       3%          1
b - Spider Form           Tmut/Pois      ##........   22%         3

Your spell library contained the following spells:

 Spells                   Type           Power        Failure   Level
 Wereblood                Tmut           ###.....     4%          2
 Ice Form                 Ice/Tmut       ##......     58%         4
 Blade Hands              Tmut           ###.......   65%         5


Dungeon Overview and Level Annotations

Branches:
Dungeon (5/15)             Temple (1/1) D:4

Altars:
Ashenzari
Cheibriados
Dithmenos
Elyvilon
Fedhas
Gozag
Hepliaklqana
Makhleb
Nemelex Xobeh
Okawaru
Qazlal
Ru
Sif Muna
Trog
Uskayaw
Vehumet
Wu Jian
Xom
Yredelemnul
Zin
The Shining One


Innate Abilities, Weirdness & Mutations

You cannot wear most types of armour.
You are very stealthy in the water. (Stealth+)
You are amphibious.
You can wear up to eight rings at the same time.
You can use your tentacles to constrict eight enemies at once.
Your skin changes colour to match your surroundings (Stealth+).
Your rubbery body absorbs attacks. (AC +1, EV +1)
Your life essence is reduced to manifest your ancestor. (-10% HP)
One of your tentacles bears a large vicious spike.


Message History

The centaur barely misses you.
Ingiyab closely misses the centaur.
You tentacle-slap the centaur but do no damage.
The centaur hits you.
Ingiyab hits the centaur.
The centaur hits you.
* * * LOW HITPOINT WARNING * * *
You tentacle-slap the centaur but do no damage.
Your tentacle spike misses the centaur.
The centaur is lightly wounded.
The centaur hits you!
* * * LOW HITPOINT WARNING * * *
Ingiyab hits the centaur.
It was a potion of haste.
You feel yourself speed up. The centaur misses you.
Ingiyab hits the centaur.
The centaur hits you.
* * * LOW HITPOINT WARNING * * *
It was a potion of brilliance.
You feel clever all of a sudden.
Ingiyab hits the centaur but does no damage.
You closely miss the centaur.
You pierce the centaur.
The centaur is severely wounded.
The centaur hits you!
You die...

#......# ..>......# #.
####......# ###.....†###.
..........### #......<.#.. ....
#...((..†.###..###...÷.. #...
#.......).#..#..####.... #...# .
#.......)....#.# #....
....#.#........(.......### #....
.............).(.........###....
#....##.#.?....R@..#.###...##....
......# #.......c..### #.....#...
<.# ###........$.# ###.......
......# #..........# #...#....
........ #......###........##...
........ #.#....# ........###..
.....#.. ........# #........# #..
......?. ........# #..#..##.. ...
........ ##.#.. #......


You could see the friendly Ingiyab the ancestor and a centaur.

Vanquished Creatures
  A centaur (D:5)
  Blork the orc (D:4)
  2 scorpions (D:4)
  2 hounds
  An orc wizard (D:3)
  An iguana (D:4)
  4 gnolls (D:2)
  5 adders
  2 oozes
  A worm (D:2)
  3 dart slugs
  3 leopard geckos
  12 orcs
  4 ball pythons
  4 giant cockroaches
  6 goblins
  8 hobgoblins
  10 jackals
  A quokka (D:3)
  A bat (D:1)
  A frilled lizard (D:1)
  10 kobolds
  A leopard gecko skeleton (D:4)
  6 rats
90 creatures vanquished.

Notes
Turn   | Place    | Note
-------+----------+-------------------------------------------
     0 | D:1      | kae the Octopode Transmuter began the quest for the Orb.
     0 | D:1      | Reached XP level 1. HP: 13/13 MP: 3/3
   391 | D:1      | Reached XP level 2. HP: 6/18 MP: 3/5
  1300 | D:1      | Reached XP level 3. HP: 23/23 MP: 4/6
  1500 | D:2      | Learned a level 3 spell: Spider Form
  1623 | D:2      | Reached XP level 4. HP: 22/28 MP: 3/7
  2690 | D:3      | Reached skill level 4 in Unarmed Combat
  2690 | D:3      | Reached XP level 5. HP: 31/34 MP: 6/8
  3634 | D:4      | Noticed Blork the orc
  3644 | D:4      | Killed Blork the orc
  3644 | D:4      | Reached XP level 6. HP: 25/39 MP: 7/10
  4399 | D:4      | Found a staircase to the Ecumenical Temple.
  4421 | Temple   | Entered the Ecumenical Temple
  4570 | Temple   | Became a worshipper of Hepliaklqana the Forgotten
  5106 | D:5      | Entered Level 5 of the Dungeon
  5235 | D:5      | Reached skill level 5 in Unarmed Combat
  5235 | D:5      | Reached XP level 7. HP: 27/40 MP: 3/11
  5499 | D:5      | Reached * piety under Hepliaklqana
  5530 | D:5      | Slain by a centaur

Illustrated notes

Levels and vault maps discovered:
D:1:      lemuel_arrival_behind_the_door_small, layout_loops_corners
D:2:      cheibrodos_helix_gallery, layout_loops_ring
D:3:      layout_basic
D:4:      layout_basic, temple_fountains, minmay_pentomino_pile,
          uniq_blork_the_orc
D:5:      layout_cave_pools
Temple:   kilobyte_greek_temple

Skill      XL: |  1  2  3  4  5  6 |
---------------+-------------------+-----
Transmutations | 3 4 |  4.4
Unarmed Combat | 4 5 |  5.1
Fighting       | 2 |  2.9
Dodging        | 3 |  3.3
Spellcasting   | 3 |  3.0

Action                   |  1- 3 |  4- 6 |  7- 9 || total
-------------------------+-------+-------+-------++-------
Melee: Unarmed           |    62 |   133 |    17 ||   212
       Kick              |    12 |    20 |     4 ||    36
       Constrict         |    14 |    22 |     4 ||    40
       Tentacles         |     9 |    16 |     3 ||    28
       Punch             |       |     3 |       ||     3
 Cast: Beastly Appendage |    14 |    26 |     4 ||    44
       Spider Form       |     2 |     7 |       ||     9
  Use: Scroll            |       |     7 |       ||     7
       Potion            |       |       |     2 ||     2
 Stab: Sleeping          |     3 |     4 |       ||     7
       Distracted        |       |     1 |       ||     1
Armor: Skin              |     6 |     7 |       ||    13
Dodge: Dodged            |    47 |    76 |    14 ||   137

Table legend: (Time is in decaauts)
 A = Elapsed time spent in this place.
 B = Non-inter-level travel time spent in this place.
 C = Inter-level travel time spent in this place.
 D = Time resting spent in this place.
 E = Time spent auto-exploring this place.
 F = Levels seen in this place.
 G = Mean time per level.
                   A        B        C        D        E       F      G
               +--------+--------+--------+--------+--------+-----+--------+
         Total |   5512 |   5347 |    165 |    126 |   4598 |   6 |  918.7 |
       Dungeon |   5333 |   5198 |    135 |    126 |   4462 |   5 | 1066.6 |
        Temple |    179 |    150 |     29 |      0 |    136 |   1 |  179.0 |
               +--------+--------+--------+--------+--------+-----+--------+

Top non-repeatable levels by time:
     D:1: 1492 daAuts
     D:4: 1438 daAuts
     D:2: 1185 daAuts
     D:3: 900 daAuts
     D:5: 317 daAuts
  Temple: 179 daAuts
